 Dungeon Crawl Stone Soup version 0.28.0 (webtiles) character file.

Game seed: 900129921317242261

391 Illumine the Chiller (level 6, 0/45 HPs)
             Began as a Demigod Ice Elementalist on Feb 7, 2022.
             Killed from afar by Pikel (26 damage)
             ... with a bolt of acid
             ... on level 4 of the Dungeon.
             The game lasted 00:08:23 (4270 turns).

Illumine the Chiller (Demigod Ice Elementalist)     Turns: 4270, Time: 00:08:23

Health: 0/45       AC: 12    Str:  9    XL:     6   Next: 25%
Magic:  8/14       EV: 12    Int: 25    God:
Gold:   147        SH:  0    Dex: 14    Spells: 5/12 levels left

rFire   . . .      SeeInvis .   c - +0 triple sword
rCold   . . .      Faith    .   (shield currently unavailable)
rNeg    . . .      Spirit   .   a - +0 robe
rPois   .          Reflect  .   (no helmet)
rElec   .          Harm     .   d - +1 cloak
rCorr   .          Rampage  .   g - +0 pair of gloves
Will    .....                   (no boots)
Stlth   ++........              (no amulet)
HPRegen 0.15/turn               (no ring)
MPRegen 0.14/turn               (no ring)

@: ice-armoured, freezing walls
A: high MP 1, forlorn, divine attributes
a: no special abilities


You were on level 4 of the Dungeon.
You visited 1 branch of the dungeon, and saw 4 of its levels.
You also visited: Sewer.

You collected 147 gold pieces.

Inventory:

Hand Weapons
 c - a +0 triple sword (weapon)
Armour
 a - a +0 robe (worn)
 d - a +1 cloak (worn)
 g - a +0 pair of gloves (worn)
 m - a +0 troll leather armour {Pargi}
Jewellery
 j - an amulet of reflection
Scrolls
 b - 4 scrolls of teleportation {unknown}
 l - a scroll of blinking {unknown}
 o - a scroll of fear {unknown}
 r - a scroll of enchant weapon {unknown}
Potions
 f - a potion of curing
 h - 2 potions of cancellation
 i - a potion of berserk rage
 k - a potion of degeneration
 n - a potion of haste {unknown}
 p - 2 potions of resistance
 q - a potion of invisibility {unknown}
 s - a potion of heal wounds {unknown}


   Skills:
 + Level 3.1 Long Blades
 - Level 1.7 Dodging
 - Level 2.0 Stealth
 + Level 3.6 Spellcasting
 + Level 5.0 Ice Magic


You had 5 spell levels left.
You knew the following spells:

 Your Spells              Type           Power      Damage    Failure   Level
a - Freeze                Ice            100%       1d11      1%          1
b - Frozen Ramparts       Ice            58%        1d7       3%          3
c - Ozocubu's Armour      Ice            29%        N/A       3%          3

Your spell library contained the following spells:

 Spells                   Type           Power      Damage    Failure   Level
 Hailstorm                Conj/Ice       17%        3d6       32%         4
 Animate Dead             Necr           2%         N/A       67%         4
 Haunt                    Necr/Summ      2%         N/A       100%        7
 Infestation              Necr           2%         N/A       100%        8


Dungeon Overview and Level Annotations

Branches:
Dungeon (4/15)              Sewer (visited)
 Temple: D:4-7

Shops:
D:1 (

Annotations:
D:4 Pikel


Innate Abilities, Weirdness & Mutations

You have an increased reservoir of magic. (+10% MP)
You shall have no god before yourself.
Your divine heritage dramatically boosts your attributes as you level up.


Message History

As you read the scroll of identify, it crumbles to dust.
p - 2 potions of resistance A lemure comes into view.
As you read the scroll of identify, it crumbles to dust.
k - a potion of degeneration
Casting: Ozocubu's Armour (dangerous; 3% risk of failure)
Confirm with . or Enter, or press ? or * to list all spells.
Casting: Frozen Ramparts (dangerous; 3% risk of failure)
Press: ? - help, Dir - look around, f - activate The walls around you are covered in ice.
The wall freezes Pikel.
Casting: Frozen Ramparts (dangerous; 3% risk of failure)
Confirm with . or Enter, or press ? or * to list all spells.
A film of ice covers your body!
A lemure comes into view.
The wall freezes Pikel.
Pikel zaps a wand.
The bolt of acid misses you.
Casting: Ozocubu's Armour (dangerous; 3% risk of failure)
Confirm with . or Enter, or press ? or * to list all spells.
Okay, then.
You start putting on your amulet.
You continue putting on your amulet of reflection.
The wall freezes the lemure.
The wall freezes Pikel.
You continue putting on your amulet of reflection.
The wall freezes the lemure!
The wall freezes Pikel.
Pikel hits you but does no damage.
Keep equipping yourself?
You continue putting on your amulet of reflection.
The wall freezes the lemure!
The wall freezes Pikel.
Pikel hits you with a +0 whip of freezing.
Pikel freezes you.
You continue putting on your amulet of reflection.
The wall freezes the lemure!
You kill the lemure!
That felt strangely unrewarding.
The wall freezes the lemure!
The wall freezes Pikel.
Pikel zaps a wand.
The bolt of acid hits you!
You continue putting on your amulet of reflection.
The wall freezes the lemure.
The wall freezes Pikel.
Pikel zaps a wand.
The bolt of acid hits you!!
Ouch! That really hurt!
You die...

......'..........)............'..
..<...#........#########...##.#..
.....##.##..##)# #......##.
....###.##.###.# #.######## ...##
#.##.# #.# #.# # #+## #.#..# #.#
#.# #.#.## #.# #.# #.#.#
#.#################
#.#.####..@K5÷5o≈≈≈≈≈≈≈≈.##
#........####÷.≈≈≈÷.≈≈≈≈..#
#.....###### ##.≈≈≈≈≈)≈≈≈..#
#.##### ############.. ..# ....
###


You could see Pikel, 2 lemures and an orc.

Vanquished Creatures
  Pargi (Sewer)
  An ogre (D:4)
  2 lemures (D:4)
  A water moccasin skeleton (D:4)
  An iguana (D:4)
  3 adders
  An adder skeleton (D:4)
  2 worms
  2 dart slugs
  3 orcs
  5 bats
  4 endoplasms
  4 giant cockroaches
  8 goblins
  6 hobgoblins
  3 jackals
  10 quokkas
  11 ball pythons
  9 frilled lizards
  7 kobolds
  12 rats
96 creatures vanquished.

Vanquished Creatures (others)
  2 plants (D:3)
2 creatures vanquished.

Grand Total: 98 creatures vanquished

Notes
Turn   | Place    | Note
-------+----------+-------------------------------------------
     0 | D:1      | Illumine the Demigod Ice Elementalist began the quest for
                  | the Orb.
     0 | D:1      | Reached XP level 1. HP: 14/14 MP: 5/5
   282 | D:1      | Reached XP level 2. HP: 20/20 MP: 7/7
   890 | D:1      | Reached skill level 1 in Long Blades
  1263 | D:1      | Found Gycluci's Antique Weapon Boutique.
  1318 | D:1      | Reached XP level 3. HP: 22/26 MP: 6/9
  1322 | D:1      | Learned a level 3 spell: Frozen Ramparts
  1370 | D:1      | Reached skill level 4 in Ice Magic
  2653 | D:3      | Reached XP level 4. HP: 33/33 MP: 10/10
  3110 | D:3      | Learned a level 3 spell: Ozocubu's Armour
  3356 | D:4      | Noticed an ogre
  3367 | D:4      | Killed an ogre
  3368 | D:4      | Reached XP level 5. HP: 38/38 MP: 0/12
  3830 | D:4      | Found a glowing drain.
  3844 | Sewer    | Entered a sewer
  3948 | Sewer    | Noticed Pargi
  3957 | Sewer    | Killed Pargi
  3958 | Sewer    | Reached skill level 5 in Ice Magic
  3958 | Sewer    | Reached XP level 6. HP: 40/45 MP: 5/14
  4258 | D:4      | Noticed Pikel
  4270 | D:4      | Killed from afar by Pikel

Illustrated notes

Levels and vault maps discovered:
D:1:      dpeg_arrival_long_road, layout_basic, serial_shops,
          nicolae_lakefront_shop
D:2:      layout_basic, hellmonk_ecumenical_altar_pennies_from_heaven,
          hex_intersection, serial_bayou_pond_e
D:3:      layout_loops_ring, nicolae_gozag_seed_capital, serial_forest,
          infiniplex_forest_straight_4, infiniplex_forest_end_2,
          infiniplex_forest_end_3, infiniplex_forest_straight_3,
          infiniplex_forest_clump_small, infiniplex_forest_straight_2,
          infiniplex_forest_clump_small, infiniplex_forest_clump_curved,
          minmay_misc_feat_ornament
D:4:      layout_loops_corners, gammafunk_temple_overflow_forgotten,
          minmay_temple_entry_trees, portal_sewer_entry_f, uniq_pikel,
          uniq_crazy_yiuf_cottage

Skill      XL: |  1  2  3  4  5 |
---------------+----------------+-----
Stealth        | 2 |  2.0
Spellcasting   | 2 3 |  3.6
Long Blades    | 1 2 3 |  3.1
Ice Magic      | 4 5 |  5.0
Dodging        | |  1.7

Action                   |  1- 3 |  4- 6 || total
-------------------------+-------+-------++-------
Melee: Triple sword      |    63 |    68 ||   131
 Cast: Freeze            |    44 |    19 ||    63
       Frozen Ramparts   |     1 |    10 ||    11
       Ozocubu's Armour  |       |     3 ||     3
  Use: Scroll            |       |     5 ||     5
 Stab: Sleeping          |     3 |     1 ||     4
Armor: Robe              |    28 |    31 ||    59
Dodge: Dodged            |    71 |    79 ||   150
